AoeStats
← BigOleGiraffe

Nomad

510061636Analyzed
2v2 RM · 4d ago on Sep 29, 2026· 26m 40s· 4 players
Game mode
Random Map
Map size
176×176
Population
200
Speed
Normal
Resources
Standard
Victory
Conquest
Starting age
Dark Age
Ending age
Imperial Age
RankedLock teamsTeams togetherTeam positionsShared explorationLock speedFull tech treeHidden civsTurbo modeCheats
Victory
Defeat
🇨🇦 Varangians · Canada
1051
+15
🇨🇦 Bengalis · Canada
978
+18
🇵🇱 Malay · Poland
1046
-17
🇨🇳 Armenians · China
1001
-16
MUMINEK
4:52 Loom
15:32 Feudal Age
15:48 Double-Bit Axe
16:28 Fishing Lines
25:21 Castle Age
23:22 Stone Mining
23:22 Gold Mining
26:32 Wheelbarrow
26:37 Stone Shaft Mining
lorry7138
3:45 Loom
14:12 Feudal Age
15:49 Wheelbarrow
15:00 Town Watch
14:57 Fishing Lines
15:05 Double-Bit Axe
15:27 Gold Mining
21:22 Castle Age
20:38 Fletching
22:13 Medium Warships
22:02 Gillnets
22:15 Bodkin Arrow
24:58 Treadmill Crane
25:14 Murder Holes
26:09 Hand Cart
26:36 Padded Archer Armor
26:57 Clinker Construction
26:58 Careening
vince.dion123
4:44 Loom
14:32 Feudal Age
17:58 Forging
20:53 Fishing Lines
29:04 Castle Age
BigOleGiraffe
5:07 Loom
16:15 Feudal Age
17:13 Double-Bit Axe
17:15 Fishing Lines
21:46 Castle Age
21:01 Fletching
23:33 Gillnets
24:34 Bodkin Arrow
26:22 Ballistics
Connection lost

Rejoining the realm…

Still unreachable

The connection could not be restored.

Session expired

The server has moved on; the page needs a fresh start.